 Dungeon Crawl Stone Soup version 0.27.0-1-g7a089689b8 (webtiles) character file.

Game seed: 17889112967980325181

9824 wakim the Martial Artist (level 11, -12/86 HPs)
             Began as an Octopode Transmuter on Aug 10, 2021.
             Was an Initiate of Gozag.
             Mangled by a death yak (22 damage)
             ... on level 9 of the Dungeon.
             The game lasted 00:54:32 (14826 turns).

wakim the Martial Artist (Octopode Transmuter)     Turns: 14826, Time: 00:54:32

Health: -12/86     AC: 10    Str: 14    XL:     11   Next: 52%
Magic:  24/26      EV: 15    Int: 29    God:    Gozag
Gold:   1353       SH:  0    Dex: 21    Spells: 5/18 levels left

rFire    . . .     SeeInvis +     - Unarmed
rCold    + + +     Faith    .   (shield currently unavailable)
rNeg     + + .     Spirit   .   (helmet currently unavailable)
rPois    +         Reflect  .   j - amulet "Liuwneer" {Acrobat rN+ Int+6 Stlth+}
rElec    +         Harm     .   a - ring of Jakic {Int+3 Dex+6}
rCorr    +         Rampage  .   b - ring "Ocetai" {Wiz rN+ Int+4}
Will     .....                  c - ring of Deivvet {Wiz rElec rC+ Str+4}
Stlth    ++++......             n - ring of magical power
HPRegen  0.24/turn              p - ring of protection from fire
MPRegen  0.20/turn              o - ring of resist corrosion
                                m - ring of see invisible
                                (no ring)

@: ice-form, hasted, very quick
A: freezing attack, boosted hp, almost no armour, amphibious, 8 rings, large,
(camouflage 1), (gelatinous body 1), (nimble swimmer 1), (tentacles)
a: End Transformation, Renounce Religion, Potion Petition, Call Merchant, Bribe
Branch


You were on level 9 of the Dungeon.
You worshipped Gozag.
Gozag was most pleased with you.
You were a creature of crystalline ice.
You visited 2 branches of the dungeon, and saw 12 of its levels.

You collected 2353 gold pieces.
You spent 880 gold pieces at shops.
You paid 120 gold pieces to Gozag.

Inventory:

Missiles
 f - a throwing net {=f!f}
Armour
 g - the +0 hat "Dodghem" (melded) {rPois Stlth+}
   (You acquired it on level 8 of the Dungeon)

   rPois:     It protects you from poison.
   Stlth:     It makes you more stealthy.
Jewellery
 a - the ring of Jakic (left front paw) {Int+3 Dex+6}
   (You acquired it on level 2 of the Dungeon)

   [ring of dexterity]

   Int:       It affects your intelligence (+3).
   Dex:       It affects your dexterity (+6).
 b - the ring "Ocetai" (right front paw) {Wiz rN+ Int+4}
   (You acquired it on level 2 of the Dungeon)

   [ring of wizardry]

   It improves your spell success rate.
   Int:       It affects your intelligence (+4).
   rN:        It protects you from negative energy.
 c - the ring of Deivvet (on tentacle) {Wiz rElec rC+ Str+4}
   (You acquired it in the Ecumenical Temple)

   [ring of wizardry]

   It improves your spell success rate.
   Str:       It affects your strength (+4).
   rC:        It protects you from cold.
   rElec:     It insulates you from electricity.
 j - the amulet "Liuwneer" (around neck) {Acrobat rN+ Int+6 Stlth+}
   (You acquired it on level 8 of the Dungeon)

   [amulet of the acrobat]

   It increases your evasion while moving and waiting.
   Int:       It affects your intelligence (+6).
   rN:        It protects you from negative energy.
   Stlth:     It makes you more stealthy.
 m - a ring of see invisible (on tentacle)
 n - a ring of magical power (on tentacle)
 o - a ring of resist corrosion (on tentacle)
 p - a ring of protection from fire (on tentacle)
Wands
 t - a wand of digging (3)
 u - a wand of mindburst (17)
 v - a wand of flame (20)
Scrolls
 T - 4 scrolls of teleportation
 U - a scroll of fear
 W - a scroll of holy word
Potions
 e - a potion of brilliance {unknown}
 h - 2 potions of might {unknown}
 i - a potion of heal wounds {unknown}
 l - 2 potions of invisibility {unknown}
 F - a potion of curing
 G - 4 potions of flight
 H - 2 potions of haste
 K - a potion of magic
 M - 2 potions of mutation {!q}


   Skills:
 - Level 6.0 Fighting
 - Level 8.0 Dodging
 - Level 5.0 Stealth
 + Level 9.5 Unarmed Combat
 - Level 4.0 Spellcasting
 + Level 6.8 Transmutations
 + Level 6.8 Ice Magic
 - Level 2.0 Poison Magic
 * Level 4.8 Evocations


You had 5 spell levels left.
You knew the following spells:

 Your Spells              Type           Power      Damage    Failure   Level
a - Beastly Appendage     Tmut           90%        N/A       1%          1
b - Wereblood             Tmut           45%        N/A       1%          2
c - Frozen Ramparts       Ice            90%        1d11      1%          3
d - Ice Form              Ice/Tmut       45%        N/A       1%          4
x - Spider Form           Tmut/Pois      15%        N/A       1%          3

Your spell library contained the following spells:

 Spells                   Type           Power      Damage    Failure   Level
 Foxfire                  Conj/Fire      20%        2x1d5     1%          1
 Freeze                   Ice            100%       1d11      1%          1
 Magic Dart               Conj           20%        1d4       1%          1
 Ensorcelled Hibernation  Hex/Ice        50%        N/A       1%          2
 Call Imp                 Summ           5%         N/A       3%          2
 Mephitic Cloud           Conj/Pois/Air  9%         N/A       4%          3
 Hailstorm                Conj/Ice       25%        3d7       4%          4
 Call Canine Familiar     Summ           5%         N/A       5%          3
 Conjure Flame            Conj/Fire      5%         6-21      5%          3
 Gell's Gravitas          Tloc           2%         N/A       5%          3
 Inner Flame              Hex/Fire       5%         N/A       5%          3
 Lesser Beckoning         Tloc           2%         N/A       5%          3
 Portal Projectile        Hex/Tloc       10%        N/A       5%          3
 Stone Arrow              Conj/Erth      10%        3d7       5%          3
 Teleport Other           Tloc           5%         N/A       5%          3
 Animate Dead             Necr           2%         N/A       17%         4
 Leda's Liquefaction      Hex/Erth       2%         N/A       17%         4
 Bolt of Magma            Conj/Fire/Erth 2%         4d4       41%         5
 Borgnjor's Vile Clutch   Necr/Erth      2%         N/A       41%         5
 Death Channel            Necr           2%         N/A       92%         6
 Dispersal                Tloc           2%         N/A       92%         6
 Shadow Creatures         Summ           N/A        N/A       92%         6
 Shatter                  Erth           2%         3d6*      100%        9


Dungeon Overview and Level Annotations

Branches:
Dungeon (11/15)            Temple (1/1) D:6            Lair (0/6) D:11
    Orc: D:9-12

Altars:
Ashenzari
Cheibriados
Dithmenos
Elyvilon
Fedhas
Gozag
Hepliaklqana
Kikubaaqudgha
Makhleb
Nemelex Xobeh
Okawaru
Qazlal
Ru
Sif Muna
Trog
Uskayaw
Vehumet
Wu Jian
Xom
Yredelemnul
Zin
The Shining One

Shops:
D:3 [(   D:9 (=:(


Innate Abilities, Weirdness & Mutations

You are a creature of crystalline ice.
You have a powerful freezing melee attack.
Your maximum health is increased.
Your armour is entirely melded.
You are incapable of wielding weapons or throwing items.
You cannot wear most types of armour.
You are amphibious.
You can wear up to eight rings at the same time.
((Your skin changes colour to match your surroundings (Stealth+).))
((Your rubbery body absorbs attacks. (AC +1, EV +1)))
((You are camouflaged near water. (Stealth+)))
((You have tentacles for arms and can constrict up to eight enemies at once.))


Message History

The death yak gores you!!
* * * LOW HITPOINT WARNING * * *
You see here a scroll of noise {!r}.
There is an open door here.
Unknown command.
Things that are here:
a +0 ring mail; a +0 dagger The death yak snorts and paws the ground.
You see here 13 arrows.
There is a stone staircase leading up here.
The death yak barely misses you.
You climb upwards.
There is a stone staircase leading down here.
The death yak barely misses you.
Your transformation is almost over.
You warm up again.
The +0 hat "Dodghem" {rPois Stlth+} unmelds from your body.
The death yak misses you.
Casting: Ice Form (dangerous; 1% risk of failure)
Confirm with . or Enter, or press ? or * to list all spells.
You turn into a creature of crystalline ice.
The +0 hat "Dodghem" {rPois Stlth+} melds into your body.
The death yak misses you.
The death yak gores you but does no damage.
Your transformation is almost over.
You warm up again.
The +0 hat "Dodghem" {rPois Stlth+} unmelds from your body.
Casting: Ice Form (dangerous; 1% risk of failure)
Confirm with . or Enter, or press ? or * to list all spells.
You turn into a creature of crystalline ice.
The +0 hat "Dodghem" {rPois Stlth+} melds into your body.
The death yak gores you!!
* * * LOW HITPOINT WARNING * * *
Okay, then.
Unknown command.
The death yak gores you!!
* * * LOW HITPOINT WARNING * * *
You feel yourself speed up. The death yak gores you!!
You die...
Your body crumbles into a pile of gold.

.........?).........#............
#######))######..####............
.....)...#.......#..#............
.........#.......#..#............
.##...#..#.......#..#............
..#...#..#.......#..#............
..#...#..#.......#..#............
..#...#..#......Y#..#....########
..#...#..#......Y#..#....#.....>.
#.#####..######..#..#....#.......
......#...#......#..#....#.......
..>...#...#......#..######.......
#.....#...#......#..#............
###...#...#......#..#............
..........#......#..#............
..........#......#..#............
#.........#.........#....########


You could see a death yak.

Vanquished Creatures
  Gastronok (D:8)
  Erica (D:8)
  2 two-headed ogres (D:9)
  Pikel (D:8)
  Psyche (D:8)
  A kobold demonologist (D:8)
  2 trolls
  A meliai zombie (D:10)
  5 yaks (D:7)
  Menkaure (D:4)
  A water moccasin (D:7)
  An acid dragon (D:8)
  A black bear (D:6)
  3 orc warriors
  5 necrophages (D:7)
  3 ogres
  A centaur (D:6)
  A phantom (D:4)
  A lemure (D:8)
  2 bullfrogs (D:7)
  2 kobold brigands (D:8)
  2 gnoll sergeants (D:9)
  A wyvern zombie (D:6)
  A water moccasin zombie (D:6)
  A wyvern skeleton (D:5)
  9 killer bees (D:9)
  5 wights
  4 howler monkeys
  A lava snake (D:7)
  4 centaur zombies
  2 bullfrog zombies
  A human zombie (D:7)
  A centaur skeleton (D:7)
  2 hounds
  An orc priest (D:5)
  2 bullfrog skeletons
  2 iguanas
  5 orc wizards
  2 killer bee zombies (D:7)
  A hound skeleton (D:4)
  A mummy (D:7)
  11 gnolls
  A howler monkey zombie (D:7)
  8 adders
  2 shadow imps
  2 white imps (D:7)
  2 adder skeletons (D:4)
  A worm (D:2)
  4 dart slugs
  32 orcs
  7 ball pythons
  2 bats (D:1)
  3 endoplasms
  4 giant cockroaches
  6 goblins
  3 hobgoblins
  5 jackals
  3 quokkas
  2 frilled lizards (D:1)
  A jackal skeleton (D:4)
  4 kobolds
  9 rats
197 creatures vanquished.

Vanquished Creatures (others)
  7 fungi (D:4)
  16 plants
23 creatures vanquished.

Grand Total: 220 creatures vanquished

Notes
Turn   | Place    | Note
-------+----------+-------------------------------------------
     0 | D:1      | wakim the Octopode Transmuter began the quest for the Orb.
     0 | D:1      | Reached XP level 1. HP: 13/13 MP: 3/3
   443 | D:1      | Reached XP level 2. HP: 14/18 MP: 0/5
   579 | D:1      | Reached skill level 1 in Poison Magic
   603 | D:1      | Reached skill level 1 in Stealth
  1020 | D:1      | Learned a level 2 spell: Wereblood
  1275 | D:1      | Reached XP level 3. HP: 14/23 MP: 6/6
  1528 | D:2      | Identified a scroll of acquirement
  1528 | D:2      | Acquired the ring of Jakic {Int+3 Dex+6}
  1531 | D:2      | Found a faded altar of an unknown god.
  1653 | D:1      | Learned a level 3 spell: Spider Form
  2169 | D:2      | Reached XP level 4. HP: 23/28 MP: 3/7
  2231 | D:2      | Acquired the ring "Ocetai" {Wiz rN+ Int+4}
  2971 | D:3      | Found Secwosui's Weapon Boutique.
  3176 | D:3      | Found Uckigoz's Antique Armour Shop.
  3483 | D:3      | Found an ornate altar of the Wu Jian Council.
  3744 | D:4      | Noticed Menkaure
  3924 | D:4      | Noticed a phantom
  4150 | D:4      | Reached XP level 5. HP: 26/33 MP: 4/8
  4371 | D:4      | Reached skill level 1 in Ice Magic
  4462 | D:4      | Found a sacrificial altar of Ru.
  4552 | D:4      | Killed a phantom
  4553 | D:4      | Reached XP level 6. HP: 24/38 MP: 8/10
  4711 | D:4      | Found a blossoming altar of Fedhas.
  5075 | D:4      | Reached skill level 4 in Unarmed Combat
  5157 | D:5      | Entered Level 5 of the Dungeon
  5264 | D:5      | Learned a level 3 spell: Frozen Ramparts
  5624 | D:5      | Reached XP level 7. HP: 17/43 MP: 8/11
  6017 | D:5      | Found a hide-covered altar of Uskayaw.
  6053 | D:5      | Learned a level 4 spell: Ice Form
  6967 | D:4      | Killed Menkaure
  6968 | D:4      | Reached skill level 5 in Transmutations
  7351 | D:6      | Reached XP level 8. HP: 29/48 MP: 6/14
  7698 | D:6      | Found a staircase to the Ecumenical Temple.
  7705 | D:6      | Reached skill level 5 in Unarmed Combat
  7719 | Temple   | Entered the Ecumenical Temple
  8660 | D:6      | Found a burning altar of Makhleb.
  8699 | D:7      | Noticed a yak
  8699 | D:7      | Noticed a yak
  8699 | D:7      | Noticed a yak
  8699 | D:7      | Noticed a yak
  8699 | D:7      | Noticed a yak
  8733 | Temple   | Became a worshipper of Gozag Ym Sagoz the Greedy
  8735 | Temple   | Acquired 1098 gold pieces
  8737 | Temple   | Acquired the ring of Deivvet {Wiz rElec rC+ Str+4}
  9337 | D:7      | Found a glowing silver altar of Zin.
  9447 | D:7      | Reached skill level 6 in Unarmed Combat
  9447 | D:7      | Reached XP level 9. HP: 53/53 MP: 6/15
  9460 | D:7      | Reached skill level 5 in Ice Magic
  9464 | D:7      | Reached skill level 5 in Dodging
 10241 | D:7      | Found a basalt altar of Yredelemnul.
 10291 | D:7      | Reached skill level 5 in Stealth
 10363 | D:8      | Noticed Erica
 10406 | D:8      | Noticed Psyche
 10420 | D:8      | Killed Psyche
 10421 | D:8      | Reached XP level 10. HP: 63/63 MP: 16/16
 10453 | D:8      | Reached skill level 7 in Unarmed Combat
 10819 | D:8      | Noticed a kobold demonologist
 10827 | D:8      | Noticed a rust devil
 10828 | D:8      | Killed a kobold demonologist
 11831 | D:8      | Noticed Gastronok
 11885 | D:8      | Found a hazy altar of Hepliaklqana.
 11912 | D:8      | Killed Erica
 12055 | D:8      | Noticed Pikel
 12073 | D:8      | Killed Pikel
 12074 | D:8      | Reached skill level 5 in Fighting
 12074 | D:8      | Reached skill level 8 in Unarmed Combat
 12112 | D:8      | Killed Gastronok
 12113 | D:8      | Reached skill level 9 in Unarmed Combat
 12113 | D:8      | Reached skill level 1 in Evocations
 12113 | D:8      | Reached XP level 11. HP: 72/72 MP: 7/17
 12394 | D:8      | Acquired the amulet "Liuwneer" {Acrobat rN+ Int+6 Stlth+}
 12403 | D:8      | Acquired the +0 hat "Dodghem" {rPois Stlth+}
 12538 | D:9      | Found Eku Vumm's Book Shop.
 12638 | D:9      | Found a sparkling altar of Nemelex Xobeh.
 12722 | D:9      | Found Cusmuq's Antique Weapon Shop.
 12755 | D:9      | Noticed a two-headed ogre
 12765 | D:9      | Killed a two-headed ogre
 13056 | D:9      | Noticed a two-headed ogre
 13072 | D:9      | Killed a two-headed ogre
 13184 | D:9      | Found Caulaug's Jewellery Boutique.
 13190 | D:9      | Bought a ring of see invisible for 165 gold pieces
 13190 | D:9      | Bought a ring of magical power for 220 gold pieces
 13190 | D:9      | Bought a ring of resist corrosion for 220 gold pieces
 13190 | D:9      | Bought a ring of protection from fire for 275 gold pieces
 13413 | D:9      | Found Nupoi's Weapon Shoppe.
 14060 | D:10     | Entered Level 10 of the Dungeon
 14601 | D:10     | Found a snail-covered altar of Cheibriados.
 14646 | D:11     | Noticed a death yak
 14648 | D:11     | Found a staircase to the Lair.
 14648 | D:11     | Noticed a death yak
 14649 | D:11     | Noticed a death yak
 14649 | D:11     | Noticed a death yak
 14649 | D:11     | Noticed a two-headed ogre
 14649 | D:11     | Noticed a death yak
 14649 | D:11     | Noticed a death yak
 14826 | D:9      | Mangled by a death yak

Illustrated notes

Levels and vault maps discovered:
D:1:      ebering_trefoil_twist, layout_loops_ring, serial_forest,
          infiniplex_forest_lined_room_, infiniplex_forest_corner_1,
          infiniplex_forest_lined_room_2, infiniplex_forest_zigzag_1,
          infiniplex_forest_corner_1, infiniplex_forest_zigzag_2,
          infiniplex_forest_clump_medium, kennysheep_small_spiral,
          minmay_surrounded
D:2:      layout_basic, basic_ecumenical_altar
D:3:      layout_loops_ring, nzn_wu_jian_council_hall, serial_shops, shop, shop,
          minmay_pentomino_pile
D:4:      layout_cave_pools, fedhas_altar_3, nicolae_ru_awakened_eye,
          uniq_menkaure
D:5:      layout_gridville, general_overflow_altar, grunt_ministairs_1
D:6:      layout_basic, lightli_temple_of_fire, minmay_temple_entry_mist
D:7:      layout_loops_ring, mainiacjoe_overflow_chevrons,
          lemuel_mausoleum_altar_yredelemnul, minmay_misc_feat_iff,
          amcnicky_mini_pool_medium
D:8:      layout_cave_pods, kennysheep_mini_moat, nicolae_zen_rock_garden,
          uniq_psyche, uniq_erica, uniq_pikel, uniq_gastronok
D:9:      layout_grid_maze, nemelex_xobeh_ov_fountains_minmay, serial_shops,
          shop, shop, nicolae_square_shop, nicolae_stop_n_shop_2
D:10:     layout_rooms, kennysheep_little_box
D:11:     layout_irregular_city, dpeg_lair_monsters, gammafunk_ghost_split
Temple:   nicolae_temple_hex_pool

Skill      XL: |  1  2  3  4  5  6  7  8  9 10 11 |
---------------+----------------------------------+-----
Poison Magic   | 1 2 |  2.0
Stealth        | 1 2 3 5 |  5.0
Transmutations | 3 4 5 6 |  6.8
Ice Magic      | 1 2 4 6 |  6.8
Unarmed Combat | 4 6 9 |  9.5
Spellcasting   | 3 4 |  4.0
Dodging        | 4 6 8 |  8.0
Fighting       | 3 6 |  6.0
Evocations     | 1 4 |  4.8

Action                   |  1- 3 |  4- 6 |  7- 9 | 10-12 || total
-------------------------+-------+-------+-------+-------++-------
Melee: Unarmed           |    70 |   118 |   205 |   122 ||   515
       Kick              |    13 |    12 |     2 |     3 ||    30
       Constrict         |    19 |    26 |       |     4 ||    49
       Tentacles         |    13 |    18 |       |     4 ||    35
       Punch             |     1 |     4 |       |       ||     5
 Cast: Beastly Appendage |    21 |    13 |     3 |     4 ||    41
       Spider Form       |     3 |    12 |     4 |     2 ||    21
       Frozen Ramparts   |       |     2 |    11 |    19 ||    32
       Ice Form          |       |       |    26 |    27 ||    53
       Wereblood         |       |       |     4 |     5 ||     9
Evoke: Wand              |       |       |       |     3 ||     3
  Use: Scroll            |     4 |     5 |     9 |     5 ||    23
       Potion            |       |       |       |     1 ||     1
 Stab: Sleeping          |     3 |     7 |     4 |       ||    14
Armor: Skin              |     7 |     2 |    50 |    35 ||    94
Dodge: Dodged            |    35 |    58 |    86 |   102 ||   281
